 Dungeon Crawl Stone Soup version 0.29.1-13-g9f3cf754e1 (webtiles) character file.

Game seed: 17567144806312291053

329 protoss039 the Digger (level 6, 24/47 HPs)
             Began as a Demonspawn Earth Elementalist on Feb 11, 2023.
             Was an Initiate of Vehumet.
             Got out of the dungeon alive.
             The game lasted 00:09:20 (3997 turns).

protoss039 the Digger (DsEE)                        Turns: 3997, Time: 00:09:21

Health: 24/47      AC:  2    Str:  8    XL:     6   Next: 25%
Magic:  11/11      EV: 12    Int: 18    God:    Vehumet [......]
Gold:   278        SH:  0    Dex: 14    Spells: 6/12 levels left

rFire   . . .      SeeInvis .   g - +3 mace
rCold   + . .      Faith    .   (no shield)
rNeg    . . .      Spirit   .   a - +0 robe
rPois   .          Reflect  .   (no helmet)
rElec   .          Harm     .   (no cloak)
rCorr   .          Rampage  .   (no gloves)
Will    .....                   (no boots)
Stlth   ++........              (no amulet)
HPRegen 0.15/turn               d - ring of protection from cold
MPRegen 0.12/turn               (no ring)

@: no status effects
A: demonic guardian 1, spiny 1
a: Renounce Religion


You escaped.
You worshipped Vehumet.
Vehumet was noncommittal.
You visited 2 branches of the dungeon, and saw 5 of its levels.

You collected 278 gold pieces.

Inventory:

Hand Weapons
 g - a +3 mace (weapon)
Armour
 a - a +0 robe (worn)
Jewellery
 d - a ring of protection from cold (left hand)
Scrolls
 c - a scroll of fear
 e - a scroll of identify
 h - 4 scrolls of teleportation
 j - a scroll of blinking {unknown}
 l - a scroll of enchant weapon {unknown}
 m - a scroll of fog {unknown}
Potions
 b - a potion of magic
 f - a potion of haste
 i - 2 potions of brilliance
 k - a potion of degeneration {unknown}
 n - 2 potions of invisibility
 o - a potion of berserk rage {unknown}


   Skills:
 + Level 3.0 Fighting
 - Level 1.7 Dodging
 - Level 1.7 Stealth
 + Level 3.5 Spellcasting
 + Level 2.4 Conjurations
 - Level 0.8 Transmutations
 + Level 4.0 Earth Magic


You had 6 spell levels left.
You knew the following spells:

 Your Spells              Type           Power      Damage    Failure   Level
a - Sandblast             Erth           34%        2d9       3%          1
b - Passwall              Tmut/Erth      10%        N/A       9%          2
c - Stone Arrow           Conj/Erth      28%        3d8       12%         3

Your spell library contained the following spells:

 Spells                   Type           Power      Damage    Failure   Level
 Summon Small Mammal      Summ           12%        N/A       16%         1
 Conjure Flame            Conj/Fire      7%         6-21      28%         3
 Ignite Poison            Fire/Tmut/Pois 4%         N/A       38%         3
 Call Canine Familiar     Summ           3%         N/A       43%         3
 Summon Guardian Golem    Hex/Summ       3%         N/A       43%         3
 Petrify                  Tmut/Erth      12%        N/A       50%         4
 Sticky Flame             Conj/Fire      7%         2d3       67%         4


Dungeon Overview and Level Annotations

Branches:
Dungeon (4/15) Zot: 20220  Temple (1/1) D:4 Zot: 5699

Altars:
Cheibriados
Gozag
Kikubaaqudgha
Nemelex Xobeh
Okawaru
Qazlal
Ru
Sif Muna
Uskayaw
Vehumet
Yredelemnul


Innate Abilities, Weirdness & Mutations

A weak demonic guardian rushes to your aid.
You are partially covered in sharp spines.


Message History

Press: ? - help, Shift-Dir - straight line, f/p - necrophage
Aim: a necrophage (heavily damaged, 82% to hit)
The blast of sand hits the necrophage!
The necrophage is severely damaged.
The necrophage misses you.
The necrophage is struck by your spines.
The necrophage hits you.
* * * LOW HITPOINT WARNING * * *
You feel drained.
* * * LOW HITPOINT WARNING * * *
A demonic guardian appears!
You closely miss the necrophage.
The necrophage is almost destroyed.
The necrophage is struck by your spines.
You destroy the necrophage!
Vehumet accepts your kill.
Your life force feels restored.
Your Fighting skill increases to level 3!
Your Earth Magic skill increases to level 4!
Unknown command.
You swap places.
You see here a +0 short sword.
There is a stone staircase leading up here.
Your shadow imp disappears in a puff of smoke!
You climb upwards.
There is a stone staircase leading down here.
There is a stone staircase leading up here.
You climb upwards.
There is a stone staircase leading down here.
Magic restored.
You see here a +0 robe.
There is a stone staircase leading up here.
You climb upwards.
There is a stone staircase leading down here.
There is a large open door here.
There is a staircase leading out of the dungeon here.
Are you sure you want to leave the Dungeon?
This will make you lose the game! [Y]es or [N]o only, please.
Are you sure you want to leave the Dungeon?
This will make you lose the game!
You have escaped!

.......####..........##..####.#~~
......>..............##...[.....P
.......####..##..##..##..####.###
........###...................###
.................................
...############..................
##............................###
#.#####....##########...#.##.#
#.# #....#8..@...8#...#.##.#
##.#####....#≈......≈#...#.##.#
.......'....#≈......≈#..##.##)#
##.#..##....#§......≈#........#
##.#..##....#≈..88..≈#...#.##.#
P~P~....###.#≈......≈###.#.##.###
~~PP........#≈......≈# #.........
~~~...#####.#≈......≈# ####......
~~~P..# #.#8......8# #......


There were no monsters in sight!

Vanquished Creatures
  A necrophage (D:4)
  A scorpion (D:4)
  A howler monkey (D:4)
  An iguana (D:4)
  4 gnolls
  4 adders
  A worm (D:3)
  2 dart slugs (D:2)
  3 orcs
  2 ball pythons
  6 endoplasms
  2 giant cockroaches
  4 hobgoblins
  2 jackals (D:1)
  5 kobolds
  2 quokkas
  5 bats
  2 frilled lizards
  10 goblins
  12 rats
70 creatures vanquished.

Notes
Turn   | Place    | Note
-------+----------+-------------------------------------------
     0 | D:1      | protoss039 the Demonspawn Earth Elementalist began the
                  | quest for the Orb.
     0 | D:1      | Reached XP level 1. HP: 13/13 MP: 3/3
   360 | D:1      | You fall into a shaft and drop 1 floor!
   430 | D:2      | Gained mutation: You are partially covered in sharp spines.
                  | [demonic ancestry]
   430 | D:2      | Reached XP level 2. HP: 6/20 MP: 1/5
   660 | D:1      | Found a faded altar of an unknown god.
   694 | D:1      | Reached skill level 1 in Fighting
   831 | D:1      | Reached skill level 3 in Earth Magic
  1190 | D:1      | Learned a level 2 spell: Passwall
  1409 | D:1      | Reached XP level 3. HP: 26/26 MP: 6/6
  1839 | D:1      | Learned a level 3 spell: Stone Arrow
  2374 | D:3      | Reached XP level 4. HP: 32/33 MP: 3/8
  2690 | D:3      | Reached skill level 1 in Conjurations
  3105 | D:4      | Found a basalt altar of Yredelemnul.
  3227 | D:4      | Reached XP level 5. HP: 18/39 MP: 7/9
  3576 | D:4      | Found a staircase to the Ecumenical Temple.
  3584 | Temple   | Entered the Ecumenical Temple
  3607 | Temple   | Became a worshipper of Vehumet
  3893 | D:4      | Gained mutation: A weak demonic guardian rushes to your
                  | aid. [demonic ancestry]
  3893 | D:4      | Reached XP level 6. HP: 23/46 MP: 6/11
  3899 | D:4      | Reached skill level 4 in Earth Magic
  3997 | D:$      | Got out of the dungeon alive.

Illustrated notes

Levels and vault maps discovered:
D:1:      lightli_arrival_noodles, layout_basic, serial_bayou,
          serial_bayou_shore_a, serial_bayou_pond_c, serial_bayou_crossing,
          serial_bayou_pond_c, ebering_ecumenical_altar_mist,
          minmay_rat_gold_closets
D:2:      layout_rooms, minmay_small_reverse_x
D:3:      layout_loops_ring, serial_glass, glass_columns_b, glass_columns_a
D:4:      layout_loops_cross, kennysheep_little_box,
          minmay_temple_entry_mini_moons, enter_ossuary_4,
          minmay_misc_feat_rugged
Temple:   chequers_temple_sunken

Skill      XL: |  1  2  3  4  5  6 |
---------------+-------------------+-----
Fighting       | 1 2 3 |  3.0
Earth Magic    | 3 4 |  4.0
Conjurations   | 1 2 |  2.4
Spellcasting   | 3 |  3.5
Dodging        | |  1.7
Stealth        | |  1.7
Transmutations | |  0.8

Action                   |  1- 3 |  4- 6 || total
-------------------------+-------+-------++-------
Melee: Unarmed           |    25 |       ||    25
       Mace              |    28 |    25 ||    53
       Punch             |       |     1 ||     1
 Cast: Sandblast         |    32 |    33 ||    65
       Passwall          |       |     1 ||     1
  Use: Scroll            |     3 |     2 ||     5
 Stab: Sleeping          |     7 |     2 ||     9
Armor: Robe              |    19 |     4 ||    23
Dodge: Dodged            |    37 |    31 ||    68
